 Dungeon Crawl Stone Soup version 0.27-a0-1242-ge70438ac7b (webtiles) character file.

Game seed: 16848278964151081077

74 Delamore the Skirmisher (level 4, -1/37 HPs)
             Began as a Formicid Fighter on June 9, 2021.
             Was a Follower of Qazlal.
             Slain by a gnoll
             ... wielding a +0 war axe
              (2 damage)
             ... on level 2 of the Dungeon.
             The game lasted 00:01:21 (1216 turns).

Delamore the Skirmisher (Formicid Fighter)          Turns: 1216, Time: 00:01:22

Health: -1/37      AC:  6    Str: 22    XL:     4   Next: 54%
Magic:  4/4        EV:  8    Int:  7    God:    Qazlal [*.....]
Gold:   33         SH: 11    Dex: 10    Spells: 3/3 levels left

rFire    + . .     SeeInvis +   a - +0 trident
rCold    . . .     Faith    .   c - +0 kite shield
rNeg     . . .     Spirit   .   b - +0 scale mail
rPois    +         Reflect  .   (helmet unavailable)
rElec    .         Harm     .   (no cloak)
rCorr    .         Rampage  .   (no gloves)
Will     .....                  (no boots)
Stlth    ..........             (no amulet)
HPRegen  0.12/turn              (no ring)
MPRegen  0.09/turn              (no ring)

@: no status effects
A: permanent stasis, dig shafts and tunnels, antennae 3, four strong arms, fire
resistance 1, poison resistance
a: Dig, Shaft Self, Renounce Religion


You were on level 2 of the Dungeon.
You worshipped Qazlal.
Qazlal was aware of your devotion.
You visited 1 branch of the dungeon, and saw 2 of its levels.

You collected 33 gold pieces.

Inventory:

Hand Weapons
 a - a +0 trident (weapon)
Armour
 b - a +0 scale mail (worn)
 c - a +0 kite shield (worn)
 j - a +0 plate armour
Scrolls
 f - a scroll of teleportation {unknown}
 g - a scroll of identify {unknown}
 h - 3 scrolls of blinking {unknown}
Potions
 d - 2 potions of might
 i - a potion of heal wounds {unknown}


   Skills:
 + Level 4.1 Fighting
 * Level 3.8 Polearms
 - Level 3.2 Armour
 - Level 3.6 Shields


You had 3 spell levels left.
You didn't know any spells.
Your spell library was empty.

Dungeon Overview and Level Annotations

Branches:
Dungeon (2/15)

Altars:
Qazlal

Shops:
D:1 *


Innate Abilities, Weirdness & Mutations

You cannot be hasted, slowed, berserked, paralysed or teleported.
You can dig through walls and to a lower floor.
You have a pair of large antennae on your head. (SInv)
Your four strong arms can wield two-handed weapons with a shield.
Your flesh is heat resistant. (rF+)
Your system is resistant to poisons. (rPois)


Message History

You are too injured to fight recklessly!
You are too injured to fight recklessly!
You see here a rat corpse.
You hit the gnoll.
The gnoll is moderately wounded.
You block the gnoll's attack. The gnoll closely misses you.
You puncture the gnoll!
The gnoll is almost dead.
The gnoll hits you with a +0 club.
You hit the gnoll.
You kill the gnoll!
Qazlal accepts your kill.
A rat comes into view.
You block the rat's attack.
You hit the rat.
You kill the rat!
Qazlal accepts your kill.
You start resting.
You hear a shout!
A gnoll comes into view. It is wielding a +0 war axe.
A kobold comes into view. It is wielding a +0 short sword.
The kobold shouts!
Found a stone staircase leading down.
You closely miss the gnoll.
The kobold throws a stone.
The stone misses you. The gnoll hits you but does no damage.
The kobold throws a stone.
You block the stone. The gnoll hits you with a +0 war axe.
You hit the gnoll.
The gnoll is moderately wounded.
The kobold throws a stone.
You block the stone. You block the gnoll's attack.
You hit the gnoll.
The gnoll is severely wounded.
The gnoll barely misses you.
You hit the gnoll.
The gnoll is severely wounded.
The gnoll hits you with a +0 war axe!
* * * LOW HITPOINT WARNING * * *
It was a potion of mutation.
You feel extremely strange.
You feel resistant to poisons.
You feel resistant to heat. The gnoll hits you with a +0 war axe.
You die...

#..###(...#..##.#.##.....
#..†####......#.##.#...
##..#.##..###.##.#.♣.
#.$#...#..# #........
#)###.##.## ###....♣.
#...#g#)#...# #.......
#$###...##..# #..)..♣. ..
#.###g#..# #.#.#.#. #.
.!. #@.#.[# #.#.#.♣. #
..###....K..# # #.#.#. #.
#.........# ...... #
....##...... ....## ###.#
#..P..# .....# #. .P....
.....# #. .P.#.# #> ..#.#


You could see a gnoll and a kobold.

Vanquished Creatures
  A gnoll (D:2)
  An adder (D:2)
  2 dart slugs (D:1)
  7 ball pythons
  4 bats
  5 endoplasms
  4 goblins (D:1)
  7 hobgoblins
  4 jackals (D:2)
  2 quokkas (D:1)
  A frilled lizard (D:2)
  5 kobolds
  5 rats
48 creatures vanquished.

Vanquished Creatures (others)
  A plant (D:2)
1 creature vanquished.

Grand Total: 49 creatures vanquished

Notes
Turn   | Place    | Note
-------+----------+-------------------------------------------
     0 | D:1      | Delamore the Formicid Fighter began the quest for the Orb.
     0 | D:1      | Reached XP level 1. HP: 18/18 MP: 1/1
    33 | D:1      | Reached XP level 2. HP: 20/24 MP: 2/2
   197 | D:1      | Found Tite's Assorted Antiques.
   425 | D:1      | Reached XP level 3. HP: 23/30 MP: 3/3
   837 | D:1      | You fall into a shaft and drop 1 floor!
   918 | D:2      | Reached XP level 4. HP: 28/37 MP: 4/4
  1022 | D:2      | Reached skill level 4 in Fighting
  1040 | D:2      | Found a faded altar of an unknown god.
  1046 | D:2      | Became a worshipper of Qazlal Stormbringer
  1046 | D:2      | Reached * piety under Qazlal
  1215 | D:2      | HP: 1/37 [gnoll/+0 war axe (11)]
  1216 | D:2      | Gained mutation: Your system is resistant to poisons.
                  | (rPois) [potion of mutation]
  1216 | D:2      | Gained mutation: Your flesh is heat resistant. (rF+)
                  | [potion of mutation]
  1216 | D:2      | Slain by a gnoll

Illustrated notes

Levels and vault maps discovered:
D:1:      lemuel_arrival_hallway, layout_rooms, serial_shops,
          nicolae_shop_crystal, chequers_serial_rivers_large_b,
          minmay_heptomino_d4
D:2:      layout_loops_ring, serial_forest, infiniplex_forest_clump_diagonal,
          infiniplex_forest_lined_3_way, infiniplex_forest_clump_double,
          infiniplex_forest_lined_2, infiniplex_forest_clump_tiny,
          infiniplex_forest_pool, ebering_ecumenical_altar_mist,
          minmay_pentomino_pile

Skill      XL: |  1  2  3  4 |
---------------+-------------+-----
Polearms       | 3 |  3.8
Fighting       | 4 |  4.1
Armour         | |  3.2
Shields        | |  3.6

Action                   |  1- 3 |  4- 6 || total
-------------------------+-------+-------++-------
Melee: Trident           |   130 |    34 ||   164
  Use: Potion            |       |     1 ||     1
Armor: Scale mail        |    64 |     4 ||    68
Dodge: Dodged            |    47 |     8 ||    55
Block: Kite shield       |    75 |    15 ||    90

Table legend: (Time is in decaauts)
 A = Elapsed time spent in this place.
 B = Non-inter-level travel time spent in this place.
 C = Inter-level travel time spent in this place.
 D = Time resting spent in this place.
 E = Time spent auto-exploring this place.
 F = Levels seen in this place.
 G = Mean time per level.
                   A        B        C        D        E       F      G
               +--------+--------+--------+--------+--------+-----+--------+
         Total |   1298 |   1298 |      0 |      5 |    959 |   2 |  649.0 |
       Dungeon |   1298 |   1298 |      0 |      5 |    959 |   2 |  649.0 |
               +--------+--------+--------+--------+--------+-----+--------+

Top non-repeatable levels by time:
     D:1: 904 daAuts
     D:2: 394 daAuts
